AoeStats
← DarkPaladinX

Black Forest

509419189Analyzed
4v4 RM · 4d ago on Sep 26, 2026· 25m 55s· 8 players
Game mode
Random Map
Map size
Large (8 player)
Population
200
Speed
Normal
Resources
Standard
Victory
Conquest
Starting age
Dark Age
Ending age
Imperial Age
RankedLock teamsTeams togetherTeam positionsShared explorationLock speedFull tech treeHidden civsTurbo modeCheats
Victory
Defeat
🇹🇷 Dravidians · Türkiye
1571
+10
🇨🇦 Malians · Canada
1555
+11
🇺🇸 Slavs · United States
1485
+13
🇪🇸 Persians · Spain
1379
+18
🇦🇷 Franks · Argentina
1480
-15
🇦🇷 Britons · Argentina
1427
-13
🇦🇷 Varangians · Argentina
1424
-13
🇦🇷 Persians · Argentina
1380
-11
x
5:02 Loom
11:35 Feudal Age
15:20 Castle Age
14:02 Double-Bit Axe
14:24 Stone Mining
16:00 Wheelbarrow
16:38 Bow Saw
21:07 Scale Barding Armor
|MP| layc0ni
1:16 Loom
12:33 Feudal Age
18:14 Castle Age
17:04 Double-Bit Axe
22:38 Fishing Lines
|MP| Equisd3
10:44 Feudal Age
14:31 Castle Age
13:14 Double-Bit Axe
15:19 Bow Saw
15:57 Fishing Lines
15:37 Demolition Ship
16:46 Demolition Ship
19:50 Demolition Ship
20:12 Demolition Ship
24:08 Gillnets
24:15 Stone Mining
24:17 Gold Mining
24:20 Loom
24:22 Town Watch
Gandhi
0:33 Loom
11:02 Feudal Age
15:04 Castle Age
12:55 Double-Bit Axe
13:31 Horse Collar
16:20 Bow Saw
Billy Bathgate
2:20 Loom
10:24 Feudal Age
14:21 Castle Age
13:07 Double-Bit Axe
15:13 Bow Saw
20:04 Scale Mail Armor
21:25 Arson
22:28 Forging
23:58 Iron Casting
Jhon_Doe
10:53 Feudal Age
14:27 Castle Age
12:16 Double-Bit Axe
12:41 Horse Collar
14:28 Wheelbarrow
15:39 Loom
24:08 Hand Cart
23:56 Heavy Plow
24:09 Bow Saw
23:53 Gold Mining
24:24 Stone Mining
25:10 Gold Shaft Mining
26:32 Stone Shaft Mining
26:18 Caravan
Apep
13:27 Feudal Age
14:06 Double-Bit Axe
19:10 Castle Age
17:34 Fishing Lines
18:19 Gold Mining
20:25 Bow Saw
20:42 Gillnets
20:43 Horse Collar
22:01 Wheelbarrow
23:32 Hand Cart
27:10 Imperial Age
25:45 Fletching
26:17 Padded Archer Armor
26:40 Ballistics
DarkPaladinX
1:12 Loom
11:55 Feudal Age
17:24 Castle Age
16:02 Double-Bit Axe
17:11 Fishing Lines
18:56 Bow Saw
22:00 Wheelbarrow
21:19 Gillnets
23:03 Horse Collar
24:33 Heavy Plow
Connection lost

Rejoining the realm…

Still unreachable

The connection could not be restored.

Session expired

The server has moved on; the page needs a fresh start.